 Dungeon Crawl Stone Soup version 0.28-a0-861-ge64d6db94f (webtiles) character file.

Game seed: 11286682862503406990

3245 pascalblue the Destroyer (level 9, -3/45 HPs)
             Began as a Deep Elf Conjurer on Nov 15, 2021.
             Was a Follower of Sif Muna.
             Slain by an orc warlord (26 damage)
             ... in a bailey.
             The game lasted 00:31:57 (9112 turns).

pascalblue the Destroyer (Deep Elf Conjurer)        Turns: 9112, Time: 00:31:58

Health: -3/45      AC:  4    Str:  4    XL:     9   Next: 67%
Magic:  1/22       EV: 16    Int: 27    God:    Sif Muna [*.....]
Gold:   283        SH:  0    Dex: 13    Spells: 4/23 levels left

rFire   . . .      SeeInvis .   j - staff of conjuration
rCold   . . .      Faith    .   (no shield)
rNeg    . . .      Spirit   .   a - +0 robe
rPois   .          Reflect  .   p - +0 helmet
rElec   .          Harm     .   (no cloak)
rCorr   .          Rampage  .   o - +0 pair of gloves
Will    .....                   (no boots)
Stlth   ++........              (no amulet)
HPRegen 0.15/turn               q - +4 ring of evasion
MPRegen 0.18/turn               (no ring)

@: mighty
A: no striking features
a: Renounce Religion, Channel Magic


You were in a bailey.
You worshipped Sif Muna.
Sif Muna was aware of your devotion.
You visited 2 branches of the dungeon, and saw 8 of its levels.
You also visited: Ossuary and Bailey.

You collected 283 gold pieces.

Inventory:

Hand Weapons
 d - a +0 dagger
 g - a +2 dagger of venom
Missiles
 A - 15 poisoned darts
 D - 28 boomerangs
Armour
 a - a +0 robe (worn)
 b - a +0 helmet
 o - a +0 pair of gloves (worn)
 p - a +0 helmet (worn)
Magical Staves
 j - a staff of conjuration (weapon)
Jewellery
 q - a +4 ring of evasion (left hand)
Wands
 m - a wand of paralysis (2)
 r - a wand of flame (22)
 x - a wand of iceblast (10)
 z - a wand of mindburst (15)
 B - a wand of charming (14)
 C - a wand of polymorph (7)
Scrolls
 k - a scroll of amnesia
 t - a scroll of magic mapping
 y - a scroll of enchant armour {unknown}
 F - a scroll of fear
Potions
 c - 2 potions of might
 e - a potion of ambrosia {unknown}
 f - 2 potions of resistance
 h - 4 potions of brilliance
 i - a potion of cancellation {unknown}
 l - 3 potions of haste {unknown}
 n - a potion of mutation {unknown}
 s - 3 potions of curing
 u - a potion of heal wounds {unknown}
 v - a potion of berserk rage {unknown}
 w - a potion of degeneration {unknown}


   Skills:
 - Level 2.4 Dodging
 - Level 2.4 Stealth
 + Level 7.8 Spellcasting
 * Level 9.8 Conjurations
 + Level 5.8 Hexes
 + Level 4.7 Translocations
 + Level 2.1 Transmutations
 + Level 2.1 Fire Magic
 + Level 4.2 Air Magic
 + Level 4.8 Poison Magic


You had 4 spell levels left.
You knew the following spells:

 Your Spells              Type           Power      Damage    Failure   Level
a - Magic Dart            Conj           100%       1d8       1%          1
b - Searing Ray           Conj           100%       2d8       1%          2
c - Fulminant Prism       Conj/Hex       34%        3d16      2%          4
d - Iskenderun's Mystic   Conj/Tloc      66%        2d14      2%          4
e - Mephitic Cloud        Conj/Pois/Air  61%        N/A       1%          3
f - Call Imp              Summ           10%        N/A       9%          2
g - Ignite Poison         Fire/Tmut/Pois 27%        N/A       4%          3

Your spell library contained the following spells:

 Spells                   Type           Power      Damage    Failure   Level
 Dazzling Flash           Conj/Hex       100%       N/A       1%          3
 Freezing Cloud           Conj/Ice/Air   26%        6-21      22%         5


Dungeon Overview and Level Annotations

Branches:
Dungeon (7/15)             Temple (1/1) D:4         Ossuary (visited)
 Bailey (1/1)

Altars:
Ashenzari
Cheibriados
Dithmenos
Elyvilon
Gozag
Hepliaklqana
Kikubaaqudgha
Makhleb
Nemelex Xobeh
Okawaru
Qazlal
Ru
Sif Muna
Trog
Uskayaw
Vehumet
Wu Jian
Yredelemnul
Zin
The Shining One

Shops:
D:1 *   D:2 ?


Message History

The mystic blast hits the orc warlord!!
The orc warlord is heavily wounded.
The orc warlord is knocked back by the mystic blast.
Casting: Iskenderun's Mystic Blast (dangerous; 2% risk of failure)
Confirm with . or Enter, or press ? or * to list all spells.
Aiming: Fulminant Prism (dangerous; 2% risk of failure)
Press: ? - help, Dir - move target You feel a surge of power!
You conjure a prism of explosive energy!
A fulminant prism comes into view.
Your fulminant prism crackles loudly.
Your fulminant prism explodes!
The blast of energy engulfs the orc warlord!!
The orc warlord is severely wounded.
Casting: Fulminant Prism (dangerous; 2% risk of failure)
Confirm with . or Enter, or press ? or * to list all spells.
Aiming: Searing Ray (safe; 1% risk of failure)
Press: ? - help, Shift-Dir - straight line, f - orc warlord
Aim: an orc warlord, wielding a +0 war axe and wearing a +0 scale mail (severely wounded, 85% to hit)
You feel a surge of power!
The searing ray hits the orc warlord but does no damage.
The orc warlord is severely wounded. (Press . to maintain the ray.)
The searing ray hits the orc warlord but does no damage.
The orc warlord is severely wounded.
The orc warlord hits you with a +0 war axe!!
You feel better. The orc warlord barely misses you.
You feel very mighty all of a sudden. The orc warlord completely misses you.
You closely miss the orc warlord.
The orc warlord is severely wounded.
The orc warlord closely misses you.
You barely miss the orc warlord.
The orc warlord is severely wounded.
The orc warlord hits you with a +0 war axe!
You hit the orc warlord but do no damage.
The orc warlord is severely wounded.
The orc warlord hits you with a +0 war axe!!
Ouch! That really hurt!
You die...

8.8...8.8≈##...#
.........≈≈'...#
....∩....≈≈')..#
.........≈≈))..#
8.8...8.8≈##...#
?........≈#....##
:.....≈#≈≈#.....##
≈≈≈#≈≈≈####....o.##
########......8.@.#
.'.....)...)......#
.#≈≈≈≈≈#...)......#
.#≈≈≈≈≈#...8..8..##
##≈≈≈≈≈##.......##
#.(...(.##.....##
...(.....##...##
♣♣.....♣♣♣#####
♣♣♣∩♣♣♣


You could see an orc warlord.

Vanquished Creatures
  Grinder (D:5)
  Prince Ribbit (D:5)
  Sigmund (D:2)
  2 wraiths (Ossuary)
  Eustachio (D:4)
  A water moccasin (D:7)
  An ice beast (D:5)
  2 orc warriors (Bailey)
  2 sky beasts (D:6)
  2 black bears (D:5)
  A necrophage (D:6)
  2 centaurs (D:7)
  A phantom (D:7)
  A bullfrog (D:7)
  4 scorpions
  A wyvern skeleton (D:6)
  A water moccasin zombie (D:5)
  A water moccasin skeleton (D:6)
  2 howler monkeys (D:7)
  3 wights (Ossuary)
  A bullfrog zombie (D:5)
  A jelly (D:7)
  A centaur zombie (Ossuary)
  4 hounds
  An orc priest (D:4)
  A centaur skeleton (D:6)
  2 orc wizards
  Ijyb (D:5)
  A hound skeleton (D:5)
  A howler monkey zombie (D:7)
  4 gnolls
  3 adders
  A shadow imp (D:5)
  An adder zombie (Ossuary)
  2 dart slugs
  12 orcs
  5 ball pythons
  7 endoplasms
  4 giant cockroaches
  12 goblins
  8 hobgoblins
  23 kobolds
  2 quokkas
  A ball python skeleton (Ossuary)
  5 bats
  3 frilled lizards (D:2)
  A kobold zombie (Ossuary)
  An orc skeleton (Ossuary)
  4 orc zombies (Ossuary)
  6 rats
  A spectral kobold (D:2)
151 creatures vanquished.

Vanquished Creatures (others)
  13 fulminant prisms
13 creatures vanquished.

Grand Total: 164 creatures vanquished

Notes
Turn   | Place    | Note
-------+----------+-------------------------------------------
     0 | D:1      | pascalblue the Deep Elf Conjurer began the quest for the
                  | Orb.
     0 | D:1      | Reached XP level 1. HP: 10/10 MP: 6/6
   105 | D:1      | Reached XP level 2. HP: 15/15 MP: 4/8
   250 | D:1      | Reached skill level 5 in Conjurations
   521 | D:1      | Reached XP level 3. HP: 19/19 MP: 8/10
   524 | D:1      | Learned a level 2 spell: Searing Ray
   549 | D:1      | Found Koum's General Store.
   949 | D:2      | Noticed Sigmund
   964 | D:2      | Killed Sigmund
   965 | D:2      | Reached skill level 5 in Spellcasting
   965 | D:2      | Reached skill level 6 in Conjurations
   965 | D:2      | Reached XP level 4. HP: 18/24 MP: 1/13
   965 | D:2      | Reached XP level 5. HP: 21/28 MP: 1/14
  1038 | D:2      | Learned a level 4 spell: Fulminant Prism
  1043 | D:2      | Learned a level 4 spell: Iskenderun's Mystic Blast
  1047 | D:2      | Learned a level 3 spell: Mephitic Cloud
  1063 | D:2      | Found a faded altar of an unknown god.
  1569 | D:2      | Found Zepomis's Magic Scroll Emporium.
  2710 | D:4      | Reached skill level 1 in Hexes
  2710 | D:4      | Reached XP level 6. HP: 29/32 MP: 7/15
  2880 | D:4      | Reached skill level 7 in Conjurations
  2880 | D:4      | Reached skill level 1 in Translocations
  2880 | D:4      | Reached skill level 1 in Poison Magic
  2933 | D:4      | Noticed Eustachio
  2950 | D:4      | Killed Eustachio
  2951 | D:4      | Reached skill level 1 in Air Magic
  3053 | D:4      | Identified a scroll of acquirement
  3053 | D:4      | Acquired a staff of conjuration
  3287 | D:4      | Found a staircase to the Ecumenical Temple.
  3304 | Temple   | Entered the Ecumenical Temple
  3404 | Temple   | Became a worshipper of Sif Muna the Loreminder
  3466 | D:4      | Reached XP level 7. HP: 32/36 MP: 11/17
  4225 | D:5      | Entered Level 5 of the Dungeon
  4550 | D:5      | Noticed Ijyb
  4555 | D:5      | Learned a level 2 spell: Call Imp
  4559 | D:5      | Paralysed by Ijyb for 3 turns
  4565 | D:5      | Killed Ijyb
  4802 | D:5      | Found a broken altar of Ashenzari.
  4891 | D:5      | Noticed Prince Ribbit
  4906 | D:5      | Noticed Grinder
  4907 | D:5      | Killed Prince Ribbit
  4908 | D:5      | Reached skill level 8 in Conjurations
  4908 | D:5      | Reached XP level 8. HP: 41/41 MP: 1/19
  4938 | D:5      | Paralysed by Grinder for 3 turns
  4944 | D:5      | Killed Grinder
  5109 | D:5      | Found a sacrificial altar of Ru.
  5828 | D:5      | Found a shadowy altar of Dithmenos.
  5828 | D:5      | Found an ancient bone altar of Kikubaaqudgha.
  5903 | D:6      | Found a sand-covered staircase.
  5908 | Ossuary  | Entered an ossuary
  6154 | Ossuary  | Noticed a flying skull
  6160 | Ossuary  | Noticed a flying skull
  6174 | Ossuary  | Noticed a flying skull
  6181 | Ossuary  | Noticed a flying skull
  6197 | Ossuary  | Noticed a flying skull
  6446 | Ossuary  | Reached skill level 9 in Conjurations
  6818 | D:6      | Reached XP level 9. HP: 33/45 MP: 13/21
  6972 | D:6      | Learned a level 3 spell: Ignite Poison
  7108 | D:6      | Reached skill level 5 in Hexes
  7504 | D:6      | Reached skill level 1 in Transmutations
  7504 | D:6      | Reached skill level 1 in Fire Magic
  8154 | D:7      | Reached * piety under Sif Muna
  8533 | D:7      | Found a flagged portal.
  8573 | Bailey   | Entered a bailey
  8628 | Bailey   | Noticed an orc warlord
  8807 | Bailey   | Found a runed translucent gate.
  8807 | Bailey   | Found a runed translucent gate.
  8807 | Bailey   | Found a runed translucent gate.
  9112 | Bailey   | Slain by an orc warlord

Illustrated notes

Levels and vault maps discovered:
D:1:      dpeg_arrival_pond, layout_rooms, serial_shops, shop
D:2:      layout_rooms, dreamdust_ecumenical_altar_drowned_temple, serial_shops,
          nicolae_shop_temple_entry_statues_fountains, serial_curves,
          eino_curves_04, eino_curves_02, eino_curves_03, eino_curves_01,
          minmay_vboxes, uniq_sigmund
D:3:      layout_rooms, hex_tiny
D:4:      layout_layer_cave, minmay_temple_entry_large_hall,
          gup_sewer_entry_glass, uniq_eustachio
D:5:      layout_layer_cave, ashenzari_altar_1, old_standard_altar,
          gammafunk_temple_overflow_elements, uniq_ijyb, uniq_prince_ribbit1,
          uniq_grinder
D:6:      layout_layer_cave, lightli_ossuary_entry_decrepit_ruins
D:7:      layout_loops_ring, enter_bailey_2
Temple:   regret_index_temple_sphere_string
Bailey:   bailey_axe_bossmonster_kennysheep, bailey

Skill      XL: |  1  2  3  4  5  6  7  8  9 |
---------------+----------------------------+-----
Conjurations   | 5 6 7 8 9 |  9.8
Spellcasting   | 5 6 7 |  7.8
Hexes          | 1 2 3 4 5 |  5.8
Translocations | 1 2 4 |  4.7
Poison Magic   | 1 2 4 |  4.8
Air Magic      | 1 2 3 4 |  4.2
Transmutations | 2 |  2.1
Fire Magic     | 2 |  2.1
Dodging        | |  2.4
Stealth        | |  2.4

Action                   |  1- 3 |  4- 6 |  7- 9 || total
-------------------------+-------+-------+-------++-------
Melee: Dagger            |       |     4 |       ||     4
       Staff             |       |       |    11 ||    11
 Cast: Magic Dart        |    41 |    81 |    93 ||   215
       Searing Ray       |     2 |     7 |    52 ||    61
       Fulminant Prism   |       |       |    13 ||    13
       Call Imp          |       |       |     2 ||     2
       Iskenderun's Myst |       |       |     2 ||     2
  Use: Scroll            |     4 |     8 |     7 ||    19
       Potion            |       |       |     2 ||     2
Armor: Robe              |       |       |    14 ||    14
Dodge: Dodged            |     6 |    12 |    91 ||   109

Table legend: (Time is in decaauts)
 A = Elapsed time spent in this place.
 B = Non-inter-level travel time spent in this place.
 C = Inter-level travel time spent in this place.
 D = Time resting spent in this place.
 E = Time spent auto-exploring this place.
 F = Levels seen in this place.
 G = Mean time per level.
                   A        B        C        D        E       F      G
               +--------+--------+--------+--------+--------+-----+--------+
         Total |   9129 |   8852 |    277 |   1333 |   5928 |  10 |  912.9 |
       Dungeon |   7544 |   7291 |    253 |    522 |   5823 |   7 | 1077.7 |
        Temple |    128 |    104 |     24 |      0 |      0 |   1 |  128.0 |
       Ossuary |    916 |    916 |      0 |    571 |    105 |   1 |  916.0 |
        Bailey |    539 |    539 |      0 |    240 |      0 |   1 |  539.0 |
               +--------+--------+--------+--------+--------+-----+--------+

Top non-repeatable levels by time:
     D:4: 1687 daAuts
     D:5: 1580 daAuts
     D:6: 1285 daAuts
     D:2: 1065 daAuts
 Ossuary: 916 daAuts
     D:1: 853 daAuts
     D:3: 560 daAuts
  Bailey: 539 daAuts
     D:7: 512 daAuts
  Temple: 128 daAuts
